 Dungeon Crawl Stone Soup version 0.21.1-1-g345015fe64 (webtiles) character file.

81 ImError the Insei (level 4, 0/36 HPs)
             Began as a Draconian Transmuter on June 13, 2018.
             Succumbed to an adder's poison
             ... on level 2 of the Dungeon.
             The game lasted 00:05:35 (1903 turns).

ImError the Insei (Draconian Transmuter)            Turns: 1903, Time: 00:05:36

Health: 0/36       AC:  5    Str: 17    XL:     4   Next: 20%
Magic:  1/8        EV: 12    Int: 19    God:
Gold:   71         SH:  0    Dex: 12    Spells: 2/8 levels left

rFire    . . .     SeeInvis .     - Unarmed
rCold    . . .     Gourm    .   (no shield)
rNeg     . . .     Faith    .   (armour unavailable)
rPois    +         Spirit   .   (helmet restricted)
rElec    .         Reflect  .   (no cloak)
rCorr    .         Harm     .   (no gloves)
MR       .....                  (no boots)
Stlth    +.........             (no amulet)
HPRegen  0.12/turn              j - ring of poison resistance
MPRegen  0.11/turn              (no ring)

@: mighty, brilliant, lethally poisoned (0 -> -7), hasted, very quick
A: unfitting armour, talons 1, mutation resistance 1, cold-blooded, AC +5
a: no special abilities


You were on level 2 of the Dungeon.
You were near starving.

You visited 1 branch of the dungeon, and saw 3 of its levels.

You collected 71 gold pieces.

Inventory:

Missiles
 a - 12 arrows
 f - 71 stones (quivered)
Jewellery
 j - a ring of poison resistance (left hand)
Scrolls
 d - a scroll of identify {unknown}
 l - 3 scrolls of remove curse {unknown}
Potions
 e - a potion of mutation
 h - a potion of cancellation
Books
 b - a book of Changes

   Spells                             Type                      Level
   a - Beastly Appendage              Transmutation                1
   b - Sticks to Snakes               Transmutation                2
   c - Spider Form                    Transmutation/Poison         3
   d - Ice Form                       Ice/Transmutation            4
   e - Blade Hands                    Transmutation                5
Comestibles
 c - 4 rations
 m - 2 chunks of flesh


   Skills:
 + Level 1.8 Fighting
 + Level 2.2 Dodging
 + Level 3.2 Unarmed Combat
 * Level 2.8 Spellcasting
 * Level 3.0 Transmutations


You had 2 spell levels left.
You knew the following spells:

 Your Spells              Type           Power        Failure   Level  Hunger
a - Beastly Appendage     Tmut           ####..       1%          1    None
b - Sticks to Snakes      Tmut           ####....     1%          2    ##.....
c - Spider Form           Tmut/Pois      ###.......   3%          3    ###....


Dungeon Overview and Level Annotations

Branches:
Dungeon (3/15)

Altars:


Innate Abilities, Weirdness & Mutations

Your plain brown scales are hard. (AC +5)
You cannot fit into any form of body armour.
You are cold-blooded and may be slowed by cold attacks.
You have sharp toenails.
You are somewhat resistant to further mutation.


Message History

* * * LOW HITPOINT WARNING * * *
It was a potion of mutation.
You feel extremely strange.
Your toenails lengthen and sharpen.
You feel genetically stable. The adder bites you.
* * * LOW HITPOINT WARNING * * *
It was a potion of cancellation.
You feel magically purged.
Your magical contamination has completely faded away.
You feel sick. The adder barely misses you.
It was a potion of haste.
You feel yourself speed up. The adder bites you.
* * * LOW HITPOINT WARNING * * *
The adder bites you.
* * * LOW HITPOINT WARNING * * *
You are more poisoned.
The adder poisons you!
It was a potion of might.
You feel very mighty all of a sudden. The adder bites you but does no damage.
It was a potion of brilliance.
You feel clever all of a sudden.
You die...

.................................
###..#.#########...#..#..#...####
#............# #...#...#.....#.#
#.####.#####.###...#...#.....#.#
.....#.....#.......#...#.#.#.#.##
####.#####.######..#...#.....#.#.
..^..# #.#.......#...#.....#.#.
###### #.###.###>#.#.#.#.#.#.#.
#......@S{#...#.....#.#.
#####.#########.....#.#.
#...........#.#.#.#.#.
#####.#.######..#.....#...
#.....#.# #..#.....#.#. #...#.#.#
#..#.#.#.#.#. ###.#...#
#..#.....#.#. #.......#
#..#.....###.
#.#.##..######..#.#.#.#.#.


You could see an adder.

Vanquished Creatures
  3 adders
  2 dart slugs
  2 leopard geckos
  3 orcs
  6 bats
  5 giant cockroaches (D:1)
  5 goblins
  3 hobgoblins
  A ball python (D:2)
  2 frilled lizards
  6 kobolds
  9 rats
47 creatures vanquished.

Notes
Turn   | Place    | Note
-------+----------+-------------------------------------------
     0 | D:1      | ImError the Draconian Transmuter began the quest for the Orb.
     0 | D:1      | Reached XP level 1. HP: 16/16 MP: 3/3
   121 | D:1      | Reached XP level 2. HP: 20/23 MP: 3/5
   151 | D:1      | Learned a level 2 spell: Sticks to Snakes
   927 | D:1      | Reached XP level 3. HP: 28/28 MP: 6/6
  1344 | D:2      | Learned a level 3 spell: Spider Form
  1868 | D:3      | Reached XP level 4. HP: 36/36 MP: 3/8
  1899 | D:2      | Gained mutation: You have sharp toenails. [potion of mutation]
  1899 | D:2      | Gained mutation: You are somewhat resistant to further mutation. [potion of mutation]
  1901 | D:2      | HP: 1/36 [adder (4)]
  1903 | D:2      | Succumbed to an adder's poison

Skill      XL: |  1  2  3 |
---------------+----------+-----
Dodging        | 2 |  2.2
Transmutations | 3 |  3.0
Fighting       | |  1.8
Unarmed Combat | |  3.2
Spellcasting   | |  2.8

Action                   |  1- 3 |  4- 6 || total
-------------------------+-------+-------++-------
Melee: Unarmed           |   173 |    14 ||   187
       Tailslap          |    14 |       ||    14
       Punch             |     2 |       ||     2
       Headbutt          |     1 |       ||     1
 Cast: Beastly Appendage |     3 |       ||     3
       Spider Form       |     2 |       ||     2
  Use: Potion            |       |     5 ||     5
 Stab: Sleeping          |     2 |       ||     2
  Eat: Chunk             |     2 |       ||     2
Armor: Skin              |    46 |     2 ||    48
Dodge: Dodged            |   142 |    12 ||   154
